 Dungeon Crawl Stone Soup version 0.31-a0-521-gc7390f8997 (console) character file.

Game seed: 7618649770867341601

421 jejorda2 the Chopper (level 6, -11/53 HPs)
             Began as a Gnoll Berserker on Aug 11, 2023.
             Was a Priest of Trog.
             Killed by divine providence
             ... invoked by an orc priest
              (12 damage)
             ... on level 5 of the Dungeon.
             The game lasted 00:06:29 (3320 turns).

jejorda2 the Chopper (Gnoll Berserker)              Turns: 3320, Time: 00:06:30

Health: -11/53     AC: 10    Str: 18    XL:     6   Next: 94%
Magic:  9/9        EV: 12    Int:  6    God:    Trog [***...]
Gold:   114        SH:  0    Dex: 12    Spells: 9/9 levels left

rFire   . . .        a - +0 war axe
rCold   . . .        (no shield)
rNeg    . . .        i - +0 ring mail
rPois   .            (no helmet)
rElec   .            p - +0 cloak
rCorr   .            (no gloves)
SInv    .            q - +2 pair of boots
Will    .....        A - amulet of faith Stlth
                     (no ring)
HPRegen 0.28/turn    (no ring)
MPRegen 0.11/turn

%: faith
@: mighty, silenced, on berserk cooldown, hasted and slowed
A: fangs 1, strong nose, distributed training
a: Renounce Religion


You were on level 5 of the Dungeon.
You worshipped Trog.
Trog was most pleased with you.
You visited 1 branch of the dungeon, and saw 5 of its levels.

You collected 114 gold pieces.

Inventory:

Hand Weapons
 a - a +0 war axe (weapon)
 r - a +0 flail
Missiles
 j - 3 throwing nets
 k - 4 darts of dispersal
Armour
 i - a +0 ring mail (worn)
 p - a +0 cloak (worn)
 q - a +2 pair of boots (worn)
Jewellery
 A - an amulet of faith (around neck)
Wands
 z - a wand of charming (4)
Scrolls
 d - a scroll of noise {unknown}
 f - 2 scrolls of revelation {unknown}
 g - a scroll of brand weapon {unknown}
 m - 4 scrolls of teleportation {unknown}
 n - 2 scrolls of enchant armour {unknown}
 o - 3 scrolls of identify {unknown}
 u - 2 scrolls of blinking {unknown}
 w - a scroll of fog {unknown}
 y - a scroll of immolation {unknown}
Potions
 e - a potion of might
 h - a potion of haste
 l - 3 potions of brilliance {unknown}
 s - a potion of heal wounds {unknown}
 t - 2 potions of resistance {unknown}
 v - a potion of ambrosia {unknown}
 x - a potion of lignification {unknown}


   Skills:
 + Level 6.9 Fighting
 + Level 2.2 Short Blades
 + Level 2.2 Long Blades
 + Level 6.9 Axes
 + Level 2.2 Maces & Flails
 + Level 2.2 Polearms
 + Level 2.2 Staves
 + Level 2.2 Ranged Weapons
 + Level 2.2 Throwing
 + Level 5.1 Armour
 + Level 5.1 Dodging
 + Level 2.2 Stealth
 + Level 2.2 Shields
 + Level 2.2 Unarmed Combat
 + Level 2.2 Spellcasting
 + Level 1.8 Conjurations
 + Level 1.8 Hexes
 + Level 1.8 Summonings
 + Level 1.8 Necromancy
 + Level 1.8 Translocations
 + Level 1.8 Transmutations
 + Level 1.8 Fire Magic
 + Level 1.8 Ice Magic
 + Level 1.8 Air Magic
 + Level 1.8 Earth Magic
 + Level 1.8 Poison Magic
 + Level 2.4 Invocations
 + Level 2.2 Evocations
 + Level 1.8 Shapeshifting


You had 9 spell levels left.
You didn't know any spells.
Your spell library was empty.

Dungeon Overview and Level Annotations

Branches:
Dungeon (5/15)
 Temple: D:4-7

Altars:
Cheibriados
Gozag
Okawaru
Wu Jian


Innate Abilities, Weirdness & Mutations

You have very sharp teeth.
Your uncanny sense of smell can sniff out nearby items.
Your experience applies equally to all skills.


Message History

* * * LOW HITPOINT WARNING * * *
Unknown command.
It was a potion of might.
You feel very mighty all of a sudden. The orc priest barely misses you.
The orc priest miscasts a cantrip.
The orc wizard closely misses you.
You slash the orc wizard!
The orc wizard is almost dead.
The orc priest closely misses you.
The orc wizard hits you with a +0 dagger of freezing.
* * * LOW HITPOINT WARNING * * *
The orc wizard freezes you.
* * * LOW HITPOINT WARNING * * *
The orc priest misses you. The orc wizard closely misses you.
Unknown command.
Unknown command.
You hit the orc wizard.
You kill the orc wizard!
Trog accepts your kill.
Trog appreciates your killing of a magic user.
The orc priest hits you from afar with a +0 trident.
* * * LOW HITPOINT WARNING * * *
Unknown command.
Unknown command.
Unknown command.
As you read the scroll labelled ATEMPA OSURYM, it crumbles to dust.
A profound silence engulfs you.
It was a scroll of silence.
Your skin stops crawling.
You feel less strong-willed.
The orc priest hits you from afar with a +0 trident.
* * * LOW HITPOINT WARNING * * *
The orc priest hits you from afar with a +0 trident.
* * * LOW HITPOINT WARNING * * *
It was a potion of haste.
You feel yourself speed up.
The orc priest hits you but does no damage.
You feel mightier all of a sudden. The orc priest closely misses you.
The orc priest mumbles some strange prayers to Beogh against you.
Beogh smites you!
You die...

§☼o§§o°§○§§○§§§
.☼○°§§○○☼§§○§○§°
..☼§§☼§°°§☼☼§☼§°§
.$.§§°☼☼§§○☼§§§○°§
....°§☼☼o○°°°§§☼§☼§
.......○§§§§☼°§☼○°§°§☼
.......°°§○☼§)§§§§°☼§§
.......§☼°☼°§§@§§§°§☼§
.......§§○§°§§☼○°☼§§°°
........§§°°○§○o§§§§☼○§
........○§§°§○§°☼§°○§☼°
........§§○°§°○§§☼°☼§°○
........☼§§§°§☼○§☼☼○☼§○.
........§○°°§☼§○§○○§§☼○..
........§○§§○☼§○○☼§§§§§...
......†...............$....


You could see 2 orc priests, an orc wizard and an orc.

Vanquished Creatures
  A centaur (D:5)
  A scorpion (D:4)
  A hound (D:3)
  Crazy Yiuf (D:2)
  An orc priest (D:5)
  2 iguanas
  An orc wizard (D:5)
  3 adders
  A shadow imp (D:5)
  2 worms (D:3)
  2 dart slugs (D:2)
  6 orcs
  9 ball pythons
  6 bats
  5 endoplasms
  3 giant cockroaches
  7 goblins
  3 hobgoblins
  10 kobolds
  A quokka (D:1)
  5 frilled lizards
  8 rats
79 creatures vanquished.

Notes
Turn   | Place    | Note
-------+----------+-------------------------------------------
     0 | D:1      | jejorda2 the Gnoll Berserker began the quest for the Orb.
     0 | D:1      | Reached XP level 1. HP: 23/23 MP: 1/1
   180 | D:1      | Reached XP level 2. HP: 29/29 MP: 2/2
   343 | D:1      | Found a faded altar of an unknown god.
   518 | D:1      | Reached XP level 3. HP: 33/35 MP: 3/3
  1060 | D:2      | Reached ** piety under Trog
  1071 | D:2      | Reached skill level 1 in Invocations
  1260 | D:2      | Found a runed translucent door.
  1261 | D:2      | Noticed Crazy Yiuf
  1268 | D:2      | Killed Crazy Yiuf
  1269 | D:2      | Reached skill level 1 in Short Blades
  1269 | D:2      | Reached skill level 1 in Long Blades
  1269 | D:2      | Reached skill level 1 in Maces & Flails
  1269 | D:2      | Reached skill level 1 in Polearms
  1269 | D:2      | Reached skill level 1 in Staves
  1269 | D:2      | Reached skill level 1 in Ranged Weapons
  1269 | D:2      | Reached skill level 1 in Throwing
  1269 | D:2      | Reached skill level 1 in Stealth
  1269 | D:2      | Reached skill level 1 in Shields
  1269 | D:2      | Reached skill level 1 in Unarmed Combat
  1269 | D:2      | Reached skill level 1 in Spellcasting
  1269 | D:2      | Reached skill level 1 in Evocations
  1269 | D:2      | Reached XP level 4. HP: 41/41 MP: 5/5
  1444 | D:2      | Found an iron altar of Okawaru.
  1546 | D:2      | Reached skill level 1 in Conjurations
  1546 | D:2      | Reached skill level 1 in Hexes
  1546 | D:2      | Reached skill level 1 in Summonings
  1546 | D:2      | Reached skill level 1 in Necromancy
  1546 | D:2      | Reached skill level 1 in Translocations
  1546 | D:2      | Reached skill level 1 in Transmutations
  1546 | D:2      | Reached skill level 1 in Fire Magic
  1546 | D:2      | Reached skill level 1 in Ice Magic
  1546 | D:2      | Reached skill level 1 in Air Magic
  1546 | D:2      | Reached skill level 1 in Earth Magic
  1546 | D:2      | Reached skill level 1 in Poison Magic
  1546 | D:2      | Reached skill level 1 in Shapeshifting
  1893 | D:3      | Found an ornate altar of the Wu Jian Council.
  2083 | D:3      | Reached XP level 5. HP: 43/47 MP: 5/7
  2946 | D:4      | Found a snail-covered altar of Cheibriados.
  2946 | D:4      | Found an opulent altar of Gozag.
  3108 | D:4      | Reached XP level 6. HP: 29/53 MP: 8/8
  3269 | D:5      | Entered Level 5 of the Dungeon
  3312 | D:5      | Reached skill level 5 in Armour
  3312 | D:5      | Reached skill level 5 in Dodging
  3317 | D:5      | Reached *** piety under Trog
  3318 | D:5      | HP: 1/53 [orc priest/+0 trident (6)]
  3320 | D:5      | Killed from afar by an orc priest

Illustrated notes

Levels and vault maps discovered:
D:1:      eino_arrival_druids_welcome, layout_loops_cross,
          shapermc_ecumenical_altar_mp_ritualfount, reono_crystal_passage,
          minmay_octomino_e4
D:2:      layout_loops_ring, basic_altar, st_stairs_11,
          minmay_fractal_squares_gapless_5, uniq_crazy_yiuf_cottage
D:3:      layout_loops_ring, mainiacjoe_overflow_boulevard, skrybe_limestone_x
D:4:      layout_loops_ring, mainiacjoe_overflow_divided_tiny,
          chequers_serial_rivers_marsh
D:5:      layout_basic, makhleb_heckhound_becter

Skill      XL: |  1  2  3  4  5  6 |
---------------+-------------------+-----
Invocations    | 1 2 |  2.4
Short Blades   | 1 2 |  2.2
Long Blades    | 1 2 |  2.2
Maces & Flails | 1 2 |  2.2
Polearms       | 1 2 |  2.2
Staves         | 1 2 |  2.2
Ranged Weapons | 1 2 |  2.2
Throwing       | 1 2 |  2.2
Stealth        | 1 2 |  2.2
Shields        | 1 2 |  2.2
Unarmed Combat | 1 2 |  2.2
Spellcasting   | 1 2 |  2.2
Evocations     | 1 2 |  2.2
Conjurations   | 1 |  1.8
Hexes          | 1 |  1.8
Summonings     | 1 |  1.8
Necromancy     | 1 |  1.8
Translocations | 1 |  1.8
Transmutations | 1 |  1.8
Fire Magic     | 1 |  1.8
Ice Magic      | 1 |  1.8
Air Magic      | 1 |  1.8
Earth Magic    | 1 |  1.8
Poison Magic   | 1 |  1.8
Shapeshifting  | 1 |  1.8
Armour         | 5 |  5.1
Dodging        | 5 |  5.1
Fighting       | |  6.9
Axes           | |  6.9

Action                     |  1- 3 |  4- 6 || total
---------------------------+-------+-------++-------
  Melee: War axe           |    74 |   119 ||   193
         Hand axe          |     2 |       ||     2
         Bite              |     7 |    12 ||    19
         Punch             |       |     1 ||     1
 Invoke: Berserk           |     1 |     1 ||     2
         Trog's Hand       |       |     1 ||     1
    Use: Potion            |       |     3 ||     3
         Scroll            |       |     2 ||     2
   Stab: Sleeping          |     1 |       ||     1
 Armour: Animal skin       |    13 |       ||    13
         Ring mail         |     8 |    50 ||    58
  Dodge: Dodged            |    52 |    92 ||   144

Table legend: (Time is in decaauts)
 A = Elapsed time spent in this place.
 B = Non-inter-level travel time spent in this place.
 C = Inter-level travel time spent in this place.
 D = Time resting spent in this place.
 E = Time spent auto-exploring this place.
 F = Levels seen in this place.
 G = Mean time per level.
                   A        B        C        D        E       F      G
               +--------+--------+--------+--------+--------+-----+--------+
         Total |   3363 |   3240 |    123 |    126 |   2526 |   5 |  672.6 |
       Dungeon |   3363 |   3240 |    123 |    126 |   2526 |   5 |  672.6 |
               +--------+--------+--------+--------+--------+-----+--------+

Top non-repeatable levels by time:
     D:4: 859 daAuts
     D:2: 854 daAuts
     D:1: 839 daAuts
     D:3: 756 daAuts
     D:5: 53 daAuts
